Map: Zen LE

Players

Redbird - Winner!

  • Race: Protoss Protoss
  • League: Silver
  • Spawn Location: 1:00

Ratl

  • Race: Protoss Protoss
  • League: Silver
  • Spawn Location: 7:00

VOD

Have the link to the VOD?

Description

Time

  • Played on: Jan. 18, 2020, 7:52 p.m.
  • Length: 18:34
Show
View Real Time Build Order
Export as new Build Order

Redbird Protoss - Winner!

Build Orders:  

Get SALT Encoding   

  12  0:01  Probe  
  13  0:18  Probe, Pylon  
  14  0:30  Probe  
  15  0:38  Gateway  
  15  0:43  Probe  
  15  0:47  Assimilator  
  16  0:55  Probe (Chrono Boost)  
  17  0:57  Assimilator  
  17  1:07  Probe (Chrono Boost)  
  18  1:12  Probe (Chrono Boost)  
  18  1:18  Pylon  
  19  1:21  Probe  
  20  1:33  Probe, Cybernetics Core  
  21  1:45  Probe  
  22  1:56  Gateway  
  22  1:57  Probe  
  23  2:06  Warp Gate (Chrono Boost)  
  23  2:10  Probe, Stalker  
  26  2:22  Probe  
  27  2:25  Robotics Facility  
  27  2:28  Pylon  
  27  2:34  Probe  
  28  2:45  Stalker  
  28  2:46  Probe  
  31  2:53  Pylon  
  31  3:01  Probe  
  31  3:13  Observer  
  32  3:20  Nexus  
  32  3:21  Probe  
  33  3:27  Stalker  
  33  3:29  Sentry  
  37  3:38  Observer  
  37  3:39  Gateway  
  38  3:47  Probe  
  39  3:48  Assimilator  
  39  4:09  Probe (Chrono Boost), Gateway  
  40  4:11  Pylon  
  40  4:19  Probe (Chrono Boost)  
  41  4:26  Robotics Bay  
  41  4:34  Immortal  
  46  4:45  Probe  
  46  4:46  Forge  
  46  4:49  Probe  
  47  4:57  Probe  
  48  5:05  Pylon  
  48  5:09  Stargate  
  48  5:12  Stargate  
  48  5:19  Probe (Chrono Boost)  
  50  5:24  Probe (Chrono Boost)  
  51  5:29  Probe (Chrono Boost), Protoss Ground Weapons Level 1  
  51  5:33  Probe (Chrono Boost)  
  51  5:34  Probe (Chrono Boost)  
  52  5:38  Forge  
  53  5:46  Probe (Chrono Boost)  
  53  5:47  Probe (Chrono Boost)  
  53  5:49  Assimilator  
  55  5:50  Protoss Air Weapons Level 1  
  57  5:57  Probe (Chrono Boost)  
  57  5:58  Observer  
  57  5:59  Probe (Chrono Boost), Void Ray  
  57  6:01  Probe (Chrono Boost)  
  63  6:08  Probe  
  63  6:11  Protoss Ground Armor Level 1  
  64  6:12  Probe  
  64  6:16  Stalker  
  67  6:20  Probe  
  67  6:23  Stalker  
  67  6:24  Probe  
  71  6:31  Stalker  
  71  6:32  Probe  
  74  6:36  Probe  
  75  6:44  Probe  
  76  7:00  Nexus  
  76  7:15  Pylon  
  76  7:17  Pylon  
  76  7:21  Assimilator  
  76  7:24  Assimilator  
  76  7:28  Fleet Beacon  
  76  7:32  Void Ray x2  
  84  7:37  Stargate  
  84  7:48  Probe x2  
  86  8:00  Probe x2  
  86  8:04  Cybernetics Core  
  88  8:08  Pylon  
  88  8:09  Protoss Air Armor Level 1  
  88  8:11  Warp Prism  
  90  8:16  Void Ray  
  90  8:17  Void Ray  
  98  8:24  Unknown  
  80  8:53  Stalker x2  
  80  8:54  Stalker x2  
  76  9:05  Void Ray x2  
  75  9:23  Probe  
  75  9:24  Probe  
  75  9:30  Void Ray (Chrono Boost)  
  79  9:35  Probe  
  79  9:36  Probe  
  81  9:47  Void Ray (Chrono Boost)  
  81  9:49  Probe x2 (Chrono Boost)  
  87  9:58  Pylon  
  87  9:59  Probe (Chrono Boost)  
  88  10:00  Pylon  
  88  10:03  Pylon, Void Ray (Chrono Boost)  
  88  10:06  Probe x2 (Chrono Boost)  
  95  10:07  Probe (Chrono Boost)  
  95  10:12  Probe x2  
  95  10:13  Probe  
  98  10:21  Protoss Air Weapons Level 2  
  98  10:24  Probe x2  
  98  10:26  Stalker x2  
  98  10:27  Stalker x2  
  108  10:30  Gateway  
  108  10:32  Shield Battery  
  108  10:33  Void Ray x2 (Chrono Boost)  
  108  10:34  Shield Battery  
  108  10:36  Probe x2  
  108  10:42  Void Ray (Chrono Boost)  
  122  11:05  Stalker  
  122  11:10  Pylon  
  124  11:16  Pylon  
  124  11:19  Pylon  
  124  11:26  Pylon  
  124  11:28  Pylon, Void Ray x2  
  132  11:34  Void Ray  
  136  12:05  Twilight Council  
  136  12:07  Protoss Shields Level 1, Nexus  
  136  12:08  Pylon  
  136  12:09  Pylon  
  136  12:11  Void Ray  
  136  12:13  Pylon  
  136  12:14  Pylon  
  140  12:17  Protoss Air Armor Level 2, Void Ray  
  140  12:18  Assimilator  
  144  12:22  Assimilator  
  143  12:31  Stalker x2  
  143  12:32  Stalker x3  
  141  12:56  Carrier  
  141  12:57  Carrier  
  136  13:35  Void Ray  
  140  13:44  Probe  
  141  14:00  Void Ray x2  
  129  14:32  Void Ray  
  133  14:40  Stargate  
  133  14:41  Stargate  
  133  14:42  Stargate  
  133  14:43  Void Ray x2  
  141  15:12  Protoss Ground Weapons Level 2  
  141  15:13  Protoss Ground Armor Level 2  
  141  15:14  Charge  
  141  15:15  Void Ray  
  145  15:26  Void Ray  
  149  15:29  Protoss Air Armor Level 3  
  149  15:30  Protoss Air Weapons Level 3  
  149  15:33  Void Ray x2  
  157  15:56  Void Ray x2  
  165  15:58  Void Ray  
  161  16:06  Pylon  
  161  16:09  Assimilator  
  161  16:10  Pylon, Assimilator  
  152  16:43  Void Ray x2  
  152  16:45  Void Ray x3  
  136  17:22  Void Ray  
  136  17:26  Void Ray x2  
  136  17:28  Void Ray  
  148  17:36  Stalker x2  
  148  17:37  Stalker x2  
  153  17:50  Void Ray x2  
Show
View Real Time Build Order
Export as new Build Order

Ratl Protoss 

Build Orders:  

Get SALT Encoding   

  12  0:02  Probe  
  13  0:14  Probe  
  13  0:18  Pylon  
  14  0:27  Probe  
  15  0:39  Probe, Gateway  
  16  0:51  Probe (Chrono Boost)  
  17  0:58  Assimilator  
  17  1:04  Probe (Chrono Boost)  
  18  1:11  Probe (Chrono Boost)  
  19  1:13  Gateway  
  19  1:18  Probe, Pylon  
  20  1:29  Cybernetics Core  
  20  1:33  Probe  
  21  1:43  Assimilator  
  21  1:45  Probe  
  22  1:57  Probe  
  23  2:04  Warp Gate (Chrono Boost)  
  23  2:10  Probe, Stalker  
  26  2:22  Probe  
  27  2:33  Pylon  
  27  2:34  Probe  
  28  2:53  Probe  
  28  3:04  Nexus  
  28  3:05  Probe  
  29  3:17  Probe  
  30  3:24  Twilight Council  
  30  3:29  Probe  
  30  3:34  Robotics Facility  
  31  3:37  Gateway  
  31  3:41  Probe  
  32  3:53  Probe  
  33  3:58  Pylon  
  33  4:01  Stalker x2  
  37  4:05  Probe  
  38  4:18  Probe  
  39  4:24  Assimilator  
  39  4:27  Stalker x2  
  39  4:29  Immortal  
  47  4:38  Robotics Bay  
  47  4:47  Probe x2  
  49  4:59  Probe x2  
  51  5:01  Stalker x2  
  55  5:11  Probe  
  55  5:13  Immortal  
  60  5:25  Stalker  
  62  5:51  Pylon  
  62  5:58  Forge x2  
  62  6:02  Pylon  
  62  6:05  Pylon  
  62  6:09  Observer  
  63  6:12  Stalker  
  63  6:13  Sentry x2  
  69  6:20  Protoss Ground Weapons Level 1 (Chrono Boost), Protoss Ground Armor Level 1 (Chrono Boost)  
  69  6:24  Probe x2  
  71  6:28  Assimilator  
  71  6:36  Probe x2  
  73  6:49  Gateway x2  
  73  6:51  Gateway  
  73  6:56  Probe (Chrono Boost)  
  73  6:57  Probe (Chrono Boost)  
  75  7:06  Nexus  
  75  7:08  Probe (Chrono Boost)  
  75  7:09  Assimilator  
  75  7:12  Pylon  
  75  7:15  Probe (Chrono Boost), Stalker  
  77  7:16  Stalker x2  
  77  7:17  Probe (Chrono Boost)  
  77  7:21  Probe (Chrono Boost)  
  85  7:23  Probe  
  86  7:34  Probe  
  86  7:35  Probe  
  88  7:40  Stalker x2  
  88  7:41  Stalker  
  88  7:44  Observer  
  94  7:45  Blink  
  94  7:55  Observer  
  94  7:58  Pylon  
  94  8:01  Pylon  
  94  8:05  Pylon  
  94  8:10  Pylon  
  94  8:16  Probe x2  
  85  8:54  Probe x3  
  80  9:06  Probe x3  
  83  9:18  Probe  
  76  9:28  Stalker  
  76  9:29  Stalker x4  
  76  9:30  Stalker  
  86  9:50  Protoss Ground Weapons Level 2 (Chrono Boost), Probe x2, Protoss Ground Armor Level 2 (Chrono Boost)  
  86  9:51  Probe  
  89  9:53  Assimilator, Stalker x2  
  89  9:54  Stalker x4  
  101  10:02  Probe  
  102  10:09  Pylon  
  102  10:13  Dark Shrine  
  102  10:17  Photon Cannon  
  102  10:19  Photon Cannon  
  102  10:29  Pylon  
  102  10:36  Photon Cannon  
  102  10:40  Photon Cannon, Stalker x4  
  110  10:57  Photon Cannon  
  110  11:00  Photon Cannon  
  110  11:02  Photon Cannon  
  110  11:06  Pylon  
  110  11:21  Stalker  
  110  11:22  Stalker x2  
  110  11:23  Stalker x3  
  122  11:32  Robotics Facility  
  122  11:35  Robotics Facility  
  122  11:36  Shadow Stride  
  122  11:37  Robotics Facility  
  122  11:39  Immortal (Chrono Boost)  
  126  12:00  Protoss Ground Armor Level 3 (Chrono Boost)  
  126  12:01  Protoss Ground Weapons Level 3 (Chrono Boost)  
  126  12:11  Immortal  
  126  12:14  Extended Thermal Lance (Chrono Boost)  
  130  12:16  Nexus  
  130  12:19  Colossus  
  130  12:22  Assimilator  
  134  12:24  Assimilator  
  132  12:50  Colossus (Chrono Boost)  
  138  12:52  Stalker x6  
  138  12:57  Colossus x2 (Chrono Boost)  
  154  13:10  Colossus (Chrono Boost)  
  114  13:23  Stalker x2  
  114  13:24  Stalker  
  116  13:41  Immortal (Chrono Boost)  
  116  13:42  Stalker  
  116  13:43  Stalker x2  
  126  13:52  Gateway  
  126  13:54  Gateway  
  124  13:56  Gateway, Stalker  
  124  13:57  Gateway, Stalker x2  
  124  13:58  Pylon  
  128  14:14  Stalker x3  
  102  14:25  Stalker x3  
  110  14:31  Immortal x3  
  110  14:32  Immortal  
  122  14:48  Stargate  
  122  14:49  Stargate  
  122  14:51  Stargate  
  122  14:53  Stargate  
  122  15:07  Stalker x4  
  122  15:08  Stalker x4  
  122  15:09  Stalker x2  
  142  15:31  Sentry x3  
  148  15:35  Dark Templar  
  148  15:36  Dark Templar x3  
  148  15:38  Warp Prism  
  158  15:52  Stalker x3  
  164  15:58  Void Ray  
  160  16:34  Stalker x4  
  160  16:35  Stalker x3  
  160  16:36  Stalker  
  160  16:37  Stalker  
  122  17:09  Stalker x3  
  122  17:10  Stalker x5  
  102  17:22  Stalker  
  102  17:23  Stalker  
  92  17:35  Void Ray x3  
  102  17:42  Warp Prism x2  
  78  18:03  Pylon, Assimilator  
  78  18:05  Nexus  
  78  18:07  Pylon  
  78  18:08  Pylon, Stalker x3  
  78  18:10  Assimilator  
  78  18:12  Stalker  
  80  18:22  Stalker x3  
  80  18:23  Stalker x2  
Tags
 
Matchup
PvP
Spawn Locations
Cross Positions
Add a new tag
Caveats
  • Supply blocks, unpowered buildings, or Contaminate may cause inaccurate times.
  • Supply counts are checked every 10 seconds.